 Dungeon Sprint DCSS version 0.19.0-24-gb05acd6 (webtiles) character file.

18835 igo the Spear-Bearer (level 13, -19/113 HPs)
             Began as a Formicid Fighter on Nov 22, 2016.
             Was a Believer of Sif Muna.
             Killed from afar by a fire dragon (35 damage)
             ... with a blast of flame
             ... in the Dungeon (Sprint IX: "|||||||||||||||||||||||||||||").
             The game lasted 00:15:18 (2716 turns).

igo the Spear-Bearer (Formicid Fighter)             Turns: 2716, Time: 00:15:19

Health: -19/113    AC: 22    Str: 24    XL:     13   Next: 0%
Magic:  22/24      EV: 15    Int: 10    God:    Sif Muna [**....]
Gold:   284        SH: 16    Dex: 10    Spells: 0 memorised, 27 levels left

rFire  . . .     SeeInvis +     s - +2 halberd (protect)
rCold  . . .     Gourm    .     R - +3 chain mail
rNeg   . . .     Faith    .     c - +4 shield
rPois  +         Spirit   .     (helmet unavailable)
rElec  .         Reflect  .     T - +1 cloak
rCorr  .         Harm     .     C - +0 pair of gloves
MR     +....                    Q - +1 pair of boots
Stlth  ..........               O - amulet of regeneration
                                P - ring of poison resistance
                                p - +2 ring of evasion

@: very slightly contaminated, very slow
A: permanent stasis, dig shafts and tunnels, four strong arms, antennae 3
a: Dig, Divine Energy, Renounce Religion


You were in the Dungeon.
You worshipped Sif Muna.
Sif Muna was pleased with you.
You were hungry.

You visited 1 branch You collected 1927 gold pieces.
You spent 1643 gold pieces at shops.

Inventory:

Hand Weapons
 a - a +0 quarterstaff
 g - a +4 quarterstaff of speed
 s - a +2 halberd of protection (weapon)
 t - a +2 morningstar of protection
 u - a +2 scimitar of holy wrath
 G - a +4 scimitar of flaming
 H - a +1 trident of flaming
Armour
 b - a +0 scale mail
 c - a +4 shield (worn)
 d - a +1 chain mail
 y - a +0 cloak
 B - a +0 pair of boots
 C - a +0 pair of gloves (worn)
 Q - a +1 pair of boots (worn)
 R - a +3 chain mail (worn)
 S - a +2 scale mail of fire resistance
 T - a +1 cloak (worn)
 U - +1 ice dragon scales
Magical Staves
 r - a cursed staff of energy
Jewellery
 p - a +2 ring of evasion (left hand)
 q - a +3 ring of strength
 N - an uncursed ring of protection from magic
 O - an amulet of regeneration (around neck)
 P - a ring of poison resistance (right hand)
Wands
 o - a wand of lightning (0/15)
 D - a wand of lightning (2/15)
 L - a wand of acid (1/15)
 M - a wand of iceblast (7/15)
Scrolls
 k - 3 scrolls of blinking
 l - 3 scrolls of fear
 m - 4 scrolls of remove curse
 n - 2 scrolls of amnesia
 x - 4 scrolls of recharging
 I - 3 scrolls of enchant weapon
 J - 3 scrolls of enchant armour
 V - a scroll of identify
 W - a scroll of fog
Potions
 e - 5 potions of curing
 h - 3 potions of haste
 i - 4 potions of magic
 j - 3 potions of berserk rage
 v - 3 potions of heal wounds
 E - 2 potions of degeneration {unknown}
 F - 2 potions of flight {unknown}
Miscellaneous
 K - a phial of floods
Comestibles
 f - 12 bread rations
 z - 40 fruits
 A - 12 meat rations


   Skills:
 - Level 14.0 Fighting
 * Level 14.1(15.7) Polearms
 - Level 12.4(15.0) Staves
 - Level 13.9 Armour
 - Level 11.4 Dodging
 - Level 11.3 Shields
 * Level 7.7 Spellcasting
 - Level 10.5 Invocations


You had 27 spell levels left.
You didn't know any spells.

Dungeon Overview and Level Annotations

Branches:
Dungeon (1/1)

Altars:
Cheibriados
Dithmenos
Elyvilon
Fedhas
Gozag
Hepliaklqana
Kikubaaqudgha
Makhleb
Nemelex Xobeh
Okawaru
Qazlal
Ru
Sif Muna
Trog
Uskayaw
Vehumet
Xom
Yredelemnul
Zin
The Shining One
Beogh
Jiyva
Lugonu

Shops:
D *%?}


Innate Abilities, Weirdness & Mutations

You are under a permanent stasis effect.
You can dig through walls and to a lower floor.
Your four strong arms can wield two-handed weapons with a shield.
You have a pair of large antennae on your head. (SInv)


Message History

The bolt of acid hits the fire dragon.
The fire dragon is splashed with acid.
The acid corrodes the fire dragon!
The fire dragon is almost dead.
The bolt of acid hits the ettin.
The ettin is splashed with acid.
The acid corrodes the ettin!
You kill the ettin!
Sif Muna accepts your kill.
Your base Polearms skill increases to level 14!
Your Spellcasting skill increases to level 7!
You have reached level 13!
The bolt of acid hits the fire dragon.
The fire dragon is splashed with acid.
The fire dragon is heavily wounded.
This wand has 1 charge left.
The fire dragon breathes flames at you.
The blast of flame hits the fire dragon.
The fire dragon resists.
The blast of flame hits you!
* * * LOW HITPOINT WARNING * * *
The fire dragon breathes flames at you. The blast of flame hits you!
You die...

'..[.....'(..)........'.........'
▓▓▓▓▓▓▓▓▓▓▓▓▓▓▓▓▓▓▓▓▓▓▓▓▓▓▓▓▓▓▓▓▓
............((.(.()..............
▓▓▓▓▓▓▓▓▓▓▓▓▓▓▓▓▓▓▓▓▓▓▓▓▓▓▓▓▓▓▓▓▓
.....'.....∩.∩)∩.∩)...)).....)...
▓▓▓▓▓▓▓▓▓▓▓▓▓▓▓▓▓▓▓▓▓▓▓▓▓▓▓▓▓▓▓▓▓
...........................((..).
▓▓▓▓▓▓▓▓▓▓▓▓▓▓▓▓▓▓▓▓▓▓▓▓▓▓▓▓▓▓▓▓▓
{{ ....D)D@5((.'((.........
▓▓▓▓▓▓▓▓▓▓▓▓▓▓▓▓▓▓▓▓▓▓▓▓


{{{{{{{{{ {{{{{{{{{ {{{ { You could see 2 fire dragons and a crimson imp.

Vanquished Creatures
  2 stone giants (D)
  2 ettins (D)
  A fire dragon (D)
  Harold (D)
  Erica (D)
  A centaur warrior (D)
  4 ogre magi (D)
  An orc high priest (D)
  An unseen horror (D)
  An orc knight (D)
  3 cyclopes (D)
  Joseph (D)
  A black mamba (D)
  Psyche (D)
  A rime drake (D)
  2 spiny frogs (D)
  A kobold demonologist (D)
  A komodo dragon (D)
  2 trolls (D)
  5 polar bears (D)
  4 two-headed ogres (D)
  A hippogriff (D)
  A wraith (D)
  A golden eye (shapeshifter) (D)
  2 water moccasins (D)
  4 porcupines (D)
  9 orc warriors (D)
  An ice beast (D)
  3 black bears (D)
  A sky beast (D)
  5 ogres (D)
  3 crocodiles (D)
  3 bullfrogs (D)
  A howler monkey (D)
  A crimson imp (D)
  3 orc priests (D)
  2 hounds (D)
  An iguana (D)
  2 orc wizards (D)
  A hell rat (D)
  A gnoll (D)
  An adder skeleton (D)
  An adder zombie (D)
  A worm (D)
  8 orcs (D)
  2 bats (D)
  A bat zombie (D)
  A giant cockroach (D)
  A goblin (D)
99 creatures vanquished.

Vanquished Creatures (others)
  A vampire mage (D)
  A wizard (D)
  An ugly thing (D)
3 creatures vanquished.

Grand Total: 102 creatures vanquished

Notes
Turn   | Place    | Note
-------+----------+-------------------------------------------
     0 | D        | igo the Formicid Fighter began the quest for the Orb.
     0 | D        | Reached XP level 1. HP: 18/18 MP: 1/1
    16 | D        | Reached XP level 2. HP: 24/26 MP: 2/2
    28 | D        | Noticed a sky beast
    28 | D        | Noticed a crimson imp
    30 | D        | Reached skill level 5 in Fighting
    30 | D        | Reached skill level 5 in Armour
    30 | D        | Reached skill level 5 in Shields
    30 | D        | Reached XP level 3. HP: 26/33 MP: 3/3
    44 | D        | HP: 1/33 [iguana (9)]
    48 | D        | Reached XP level 4. HP: 23/39 MP: 4/4
    55 | D        | Killed a sky beast
    55 | D        | Reached XP level 5. HP: 29/47 MP: 5/5
    56 | D        | Reached XP level 6. HP: 33/53 MP: 6/6
    65 | D        | Found a roughly hewn altar of Beogh.
    65 | D        | Found a snail-covered altar of Cheibriados.
    65 | D        | Found a shadowy altar of Dithmenos.
    65 | D        | Found a white marble altar of Elyvilon.
    65 | D        | Found a blossoming altar of Fedhas.
    65 | D        | Found an opulent altar of Gozag.
    66 | D        | Found a hazy altar of Hepliaklqana.
    67 | D        | Found a viscous altar of Jiyva.
    68 | D        | Found an ancient bone altar of Kikubaaqudgha.
    69 | D        | Found a corrupted altar of Lugonu.
    70 | D        | Found a burning altar of Makhleb.
    73 | D        | Became a worshipper of Cheibriados the Contemplative
    76 | D        | Found a sparkling altar of Nemelex Xobeh.
    77 | D        | Found an iron altar of Okawaru.
    78 | D        | Found a stormy altar of Qazlal.
    79 | D        | Found a sacrificial altar of Ru.
    80 | D        | Found a deep blue altar of Sif Muna.
    81 | D        | Found a bloodstained altar of Trog.
    82 | D        | Found a hide-covered altar of Uskayaw.
    83 | D        | Found a radiant altar of Vehumet.
    84 | D        | Found a shimmering altar of Xom.
    85 | D        | Found a basalt altar of Yredelemnul.
    86 | D        | Found a glowing silver altar of Zin.
    87 | D        | Found a glowing golden altar of the Shining One.
   112 | D        | Noticed a wraith
   112 | D        | Noticed an unseen horror
   112 | D        | Noticed a troll
   112 | D        | Noticed an ice beast
   122 | D        | Killed an ice beast
   122 | D        | Reached * piety under Cheibriados
   129 | D        | HP: 1/55 [troll (11)]
   134 | D        | Killed a troll
   134 | D        | Reached XP level 7. HP: 4/63 MP: 7/7
   143 | D        | Killed an unseen horror
   143 | D        | Reached ** piety under Cheibriados
   143 | D        | Reached skill level 10 in Staves
   143 | D        | Reached skill level 10 in Shields
   143 | D        | Reached XP level 8. HP: 11/71 MP: 8/8
   149 | D        | Killed a wraith
   154 | D        | Reached *** piety under Cheibriados
   507 | D        | Noticed a cyclops
   507 | D        | Noticed a troll
   523 | D        | Killed a troll
   523 | D        | Reached skill level 10 in Fighting
   523 | D        | Reached skill level 10 in Armour
   523 | D        | Reached XP level 9. HP: 76/78 MP: 9/9
   529 | D        | Killed a cyclops
   529 | D        | Reached **** piety under Cheibriados
   687 | D        | Noticed a hippogriff
   691 | D        | Reached ***** piety under Cheibriados
   691 | D        | Reached skill level 1 in Polearms
   693 | D        | Noticed a rime drake
   696 | D        | Reached skill level 1 in Dodging
   696 | D        | Reached skill level 1 in Invocations
   699 | D        | Killed a hippogriff
   710 | D        | Killed a rime drake
   710 | D        | Reached XP level 10. HP: 88/88 MP: 10/12
   712 | D        | Reached ****** piety under Cheibriados
   721 | D        | Reached skill level 5 in Polearms
   732 | D        | Noticed a black mamba
   732 | D        | Noticed a spiny frog
   732 | D        | Noticed a spiny frog
   740 | D        | Noticed a komodo dragon
   742 | D        | Killed a spiny frog
   749 | D        | Reached skill level 5 in Dodging
   756 | D        | Killed a spiny frog
   756 | D        | Reached skill level 5 in Invocations
   765 | D        | Killed a black mamba
   773 | D        | Killed a komodo dragon
  1083 | D        | Reached XP level 11. HP: 92/95 MP: 15/15
  1158 | D        | Noticed Joseph
  1173 | D        | Killed Joseph
  1190 | D        | Noticed Psyche
  1195 | D        | Killed Psyche
  1206 | D        | Noticed Erica
  1227 | D        | Killed Erica
  1266 | D        | Noticed an ettin
  1277 | D        | Killed an ettin
  1547 | D        | Noticed an orc knight
  1550 | D        | Reached skill level 10 in Polearms
  1553 | D        | Noticed an orc high priest
  1559 | D        | Killed an orc knight
  1573 | D        | Killed an orc high priest
  1622 | D        | Found Gengeomn's Gadget Boutique.
  1622 | D        | Noticed an ogre mage
  1625 | D        | Reached skill level 10 in Dodging
  1637 | D        | Killed an ogre mage
  1637 | D        | Reached XP level 12. HP: 89/105 MP: 17/19
  1645 | D        | Found Maneun's Magic Scroll Shop.
  1649 | D        | Found Ustoih Liph's Food Boutique.
  1652 | D        | Found Wofux's Assorted Antiques.
  1652 | D        | Noticed an ogre mage
  1656 | D        | Noticed an ogre mage
  1662 | D        | Killed an ogre mage
  1665 | D        | Noticed an ogre mage
  1668 | D        | Reached skill level 10 in Invocations
  1676 | D        | Killed an ogre mage
  1678 | D        | Killed an ogre mage
  1696 | D        | Bought a scroll of recharging for 180 gold pieces
  1702 | D        | Bought a scroll of fear for 35 gold pieces
  1702 | D        | Bought a scroll of recharging for 95 gold pieces
  1702 | D        | Bought a scroll of enchant weapon for 75 gold pieces
  1702 | D        | Bought a scroll of enchant armour for 75 gold pieces
  1702 | D        | Bought a scroll of enchant armour for 75 gold pieces
  1702 | D        | Bought a scroll of enchant armour for 75 gold pieces
  1702 | D        | Bought a scroll of recharging for 95 gold pieces
  1704 | D        | Bought a phial of floods for 560 gold pieces
  1704 | D        | Bought a wand of acid (4/15) for 224 gold pieces
  1704 | D        | Bought a wand of iceblast (7/15) for 154 gold pieces
  1986 | D        | Fell from the grace of Cheibriados
  1986 | D        | Became a worshipper of Sif Muna the Loreminder
  2324 | D        | Noticed Harold
  2344 | D        | Killed Harold
  2642 | D        | Noticed a fire dragon
  2649 | D        | Noticed a stone giant
  2661 | D        | Killed a fire dragon
  2664 | D        | Reached * piety under Sif Muna
  2665 | D        | Noticed a centaur warrior
  2666 | D        | Noticed a vampire mage
  2678 | D        | Noticed a stone giant
  2679 | D        | Killed a stone giant
  2679 | D        | Reached skill level 5 in Spellcasting
  2680 | D        | Noticed a fire dragon
  2692 | D        | Killed a centaur warrior
  2692 | D        | Reached ** piety under Sif Muna
  2692 | D        | Killed a vampire mage
  2693 | D        | Noticed an ettin
  2700 | D        | Killed a stone giant
  2703 | D        | Noticed a fire dragon
  2716 | D        | Killed an ettin
  2716 | D        | Reached XP level 13. HP: 43/113 MP: 22/24
  2716 | D        | Killed from afar by a fire dragon

Skill      XL: |  1  2  3  4  5  6  7  8  9 10 11 12 |
---------------+-------------------------------------+-----
Shields        | 4 5 7 9 10 11 | 11.3
Fighting       | 4 5 6 8 9 10 11 12 13 14 | 14.0
Armour         | 4 5 6 8 9 10 11 12 13 | 13.9
Staves         | 3 4 6 9 10 11 12 | 12.4
Polearms       | 4 8 11 14 | 14.1
Dodging        | 3 7 10 11 | 11.4
Invocations    | 3 6 9 10 | 10.5
Spellcasting   | 7 |  7.7

Action                   |  1- 3 |  4- 6 |  7- 9 | 10-12 | 13-15 || total
-------------------------+-------+-------+-------+-------+-------++-------
Melee: Quarterstaff      |    31 |    25 |    49 |       |       ||   105
       Halberd           |       |       |    23 |   313 |       ||   336
Evoke: Wand              |       |     2 |       |     7 |     1 ||    10
  Use: Potion            |     2 |     3 |     2 |     6 |       ||    13
       Scroll            |       |       |     4 |       |       ||     4
 Stab: Invisible         |       |     2 |       |     9 |       ||    11
  Eat: Bread ration      |       |       |       |     1 |       ||     1
Armor: Scale mail        |    11 |     7 |     3 |       |       ||    21
       Chain mail        |       |       |    15 |    48 |       ||    63
Dodge: Dodged            |     8 |    11 |    16 |    83 |       ||   118
Block: Shield            |    10 |    18 |    46 |   193 |       ||   267
